 Dungeon Sprint DCSS version 0.31-a0-66-ge618eeaa78 (webtiles) character file.

Game seed: 7986776824020335305

1270 fozzywoppz the Unseen (level 8, 0/42 HPs)
             Began as a Spriggan Enchanter on May 22, 2023.
             Was a Believer of Sif Muna.
             Collided with an unnaturally hard rock wall (12 damage)
             ... caused by Erica
             ... in the Dungeon (Sprint III: "The Ten Rune Challenge").
             The game lasted 00:04:49 (381 turns).

fozzywoppz the Unseen (Spriggan Enchanter)           Turns: 381, Time: 00:04:50

Health: 0/42       AC:  7    Str:  4    XL:     8   Next: 28%
Magic:  13/15      EV: 28    Int: 16    God:    Sif Muna [**....]
Gold:   28         SH:  0    Dex: 18    Spells: 10/15 levels left

rFire   . . .        a - +1 dagger
rCold   . . .        (no shield)
rNeg    . . .        b - +0 robe
rPois   .            (helmet restricted)
rElec   .            j - +1 cloak
rCorr   .            (gloves unavailable)
SInv    +            (boots unavailable)
Will    +....        (no amulet)
Stlth   ++++++       (no ring)
HPRegen 0.27/turn    (no ring)
MPRegen 0.14/turn

%: no teleportation, random rage (3%)
@: very quick
A: very small, no large weapons, unfitting armour, see invisible, speed 3,
iridescent scales 1, berserk 1, shaggy fur 1
a: Renounce Religion, Channel Magic


You were in the Dungeon.
You worshipped Sif Muna.
Sif Muna was pleased with you.
You visited 1 branch You collected 28 gold pieces.

Inventory:

Hand Weapons
 a - a +1 dagger (weapon)
Armour
 b - a +0 robe (worn)
 j - a +1 cloak (worn)
Wands
 h - a wand of flame (12)
Scrolls
 i - a scroll of blinking
 k - a scroll of torment
 n - a scroll of immolation
Potions
 c - 2 potions of invisibility
 d - 3 potions of curing
 f - a potion of haste
 g - 2 potions of magic
 m - a potion of enlightenment
 o - a potion of might
 p - a potion of berserk rage
Miscellaneous
 q - a phial of floods


   Skills:
 + Level 4.3 Fighting
 + Level 5.9 Short Blades
 - Level 15.0 Dodging
 - Level 15.0 Stealth
 - Level 4.0 Spellcasting
 - Level 5.0 Hexes
 + Level 5.2 Invocations
 - Level 5.0 Evocations


You had 10 spell levels left.
You knew the following spells:

 Your Spells              Type           Power      Damage    Failure   Level
a - Ensorcelled Hibernat  Hex/Ice        18%        N/A       11%         2
b - Confusing Touch       Hex            19%        N/A       6%          3

Your spell library contained the following spells:

 Spells                   Type           Power      Damage    Failure   Level
 Tukima's Dance           Hex            19%        N/A       6%          3
 Dazzling Flash           Conj/Hex       18%        N/A       22%         3


Dungeon Overview and Level Annotations

Branches:
Dungeon (1/1)

Altars:
Cheibriados
Dithmenos
Elyvilon
Fedhas
Gozag
Hepliaklqana
Kikubaaqudgha
Makhleb
Nemelex Xobeh
Okawaru
Qazlal
Ru
Sif Muna
Trog
Uskayaw
Vehumet
Wu Jian
Xom
Yredelemnul
Zin
The Shining One
Jiyva
Lugonu

Annotations:
D Erica


Innate Abilities, Weirdness & Mutations

You are very small and have problems with some larger weapons.
You are too small for most types of armour.
You have supernaturally acute eyesight. (SInv)
You cover ground extremely quickly. (Speed+++)
You are partially covered in iridescent scales. (AC +2)
You sometimes lose your temper in combat.
You are covered in fur. (AC +1)


Message History

* * * LOW HITPOINT WARNING * * *
You feel much better. Erica casts a spell at you.
The bolt of poison misses you.
You hit Erica but do no damage.
Erica is lightly wounded.
Erica points at you and mumbles some strange words.
You easily resist.
You hit Erica but do no damage.
Erica is lightly wounded.
Erica completely misses you.
You hit Erica but do no damage.
Erica is lightly wounded.
You barely miss Erica.
Erica is lightly wounded.
Erica hits you but does no damage.
You hit Erica but do no damage.
Erica is lightly wounded.
Erica misses you.
You closely miss Erica.
Erica is lightly wounded.
Your hands stop glowing.
You hit Erica but do no damage.
Erica is lightly wounded.
Erica misses you.
You completely miss Erica.
Erica is lightly wounded.
Erica screams, "Die!"
Erica completely misses you.
You hit Erica but do no damage.
Erica is lightly wounded.
You hit Erica.
Erica is lightly wounded.
Erica casts a spell at you. The lance of force hits you!!
Ouch! That really hurt!
* * * LOW HITPOINT WARNING * * *
You are knocked back by the lance of force.
You slam into the unnaturally hard rock wall!
You die...

♣♣♣♣..###'#'###'##
♣.♣.♣.#..........#
~♣.♣♣.'.⌠........#
~~~♣..#...######'#
~~....#.⌠.#__#...#+#####
~.....#...#__#...#..~§~+
†.....#'###__#...#@#~§~#
......#.))#__#...'.#§§.#
......#___#__'..@#.#§..#
▓▓▓▓▓▓▓▓▓▓▓▓▓▓▓▓▓▓▓▓▓▓▓▓


You could see Erica.

Vanquished Creatures
  A deep elf pyromancer (D)
  A shadow (D)
  A spatial vortex (D)
  A necrophage (D)
  A water elemental (D)
  Crazy Yiuf (D)
  A jelly (D)
  A wizard (D)
  A necromancer (D)
  3 humans (D)
  A kobold demonologist (D)
  2 endoplasms (D)
  2 rats (D)
17 creatures vanquished.

Notes
Turn   | Place    | Note
-------+----------+-------------------------------------------
     0 | D        | fozzywoppz the Spriggan Enchanter began the quest for the
                  | Orb.
     0 | D        | Reached XP level 1. HP: 9/9 MP: 5/5
    26 | D        | Reached skill level 5 in Stealth
    57 | D        | Reached XP level 2. HP: 13/13 MP: 6/8
    64 | D        | Learned a level 2 spell: Ensorcelled Hibernation
    86 | D        | Noticed Crazy Yiuf
    93 | D        | Killed Crazy Yiuf
    94 | D        | Reached skill level 5 in Hexes
    94 | D        | Reached XP level 3. HP: 16/16 MP: 4/9
   117 | D        | Gained mutation: You are frail. (-10% HP) [potion of
                  | mutation]
   117 | D        | Gained mutation: You are partially covered in iridescent
                  | scales. (AC +2) [potion of mutation]
   117 | D        | Gained mutation: You have an increased reservoir of magic.
                  | (+10% MP) [potion of mutation]
   118 | D        | Lost mutation: You have an increased reservoir of magic.
                  | (+10% MP) [potion of mutation]
   118 | D        | Lost mutation: You are partially covered in iridescent
                  | scales. (AC +2) [potion of mutation]
   118 | D        | Gained mutation: You have a pair of small antennae on your
                  | head. [potion of mutation]
   118 | D        | Gained mutation: You are partially covered in iridescent
                  | scales. (AC +2) [potion of mutation]
   118 | D        | Gained mutation: You occasionally lose the ability to drink
                  | potions when taking damage. [potion of mutation]
   118 | D        | Gained mutation: You possess an exceptional clarity of
                  | mind. [potion of mutation]
   119 | D        | Lost mutation: You are partially covered in iridescent
                  | scales. (AC +2) [potion of mutation]
   119 | D        | Lost mutation: You possess an exceptional clarity of mind.
                  | [potion of mutation]
   119 | D        | Gained mutation: You are dopey. (Int -2) [potion of
                  | mutation]
   119 | D        | Gained mutation: You possess an exceptional clarity of
                  | mind. [potion of mutation]
   120 | D        | Lost mutation: You have a pair of small antennae on your
                  | head. [potion of mutation]
   120 | D        | Lost mutation: You are frail. (-10% HP) [potion of
                  | mutation]
   120 | D        | Gained mutation: You are partially covered in iridescent
                  | scales. (AC +2) [potion of mutation]
   120 | D        | Lost mutation: You possess an exceptional clarity of mind.
                  | [potion of mutation]
   120 | D        | Gained mutation: You are covered in fur. (AC +1) [potion of
                  | mutation]
   121 | D        | Lost mutation: You are dopey. (Int -2) [potion of mutation]
   121 | D        | Lost mutation: You occasionally lose the ability to drink
                  | potions when taking damage. [potion of mutation]
   121 | D        | Gained mutation: You sometimes lose your temper in combat.
                  | [potion of mutation]
   160 | D        | Noticed a water elemental
   163 | D        | Killed a water elemental
   164 | D        | Reached skill level 10 in Stealth
   164 | D        | Reached XP level 4. HP: 21/21 MP: 11/11
   167 | D        | Found a radiant altar of Vehumet.
   167 | D        | Found a shimmering blue altar of Sif Muna.
   167 | D        | Found an ancient bone altar of Kikubaaqudgha.
   167 | D        | Noticed a wizard
   169 | D        | Killed a wizard
   172 | D        | Reached XP level 5. HP: 24/24 MP: 12/12
   175 | D        | Became a worshipper of Sif Muna the Loreminder
   183 | D        | Found a glowing silver altar of Zin.
   183 | D        | Found a glowing golden altar of the Shining One.
   183 | D        | Found a white marble altar of Elyvilon.
   184 | D        | Noticed a deep elf pyromancer
   186 | D        | Killed a deep elf pyromancer
   187 | D        | Reached skill level 15 in Dodging
   187 | D        | Reached skill level 15 in Stealth
   187 | D        | Reached skill level 1 in Invocations
   187 | D        | Reached skill level 1 in Evocations
   187 | D        | Reached XP level 6. HP: 29/29 MP: 13/13
   187 | D        | Reached XP level 7. HP: 32/32 MP: 14/14
   191 | D        | Found a hide-covered altar of Uskayaw.
   191 | D        | Found an iron altar of Okawaru.
   191 | D        | Found a bloodstained altar of Trog.
   191 | D        | Found an ornate altar of the Wu Jian Council.
   191 | D        | Noticed a human
   192 | D        | Noticed a human
   194 | D        | Killed a human
   195 | D        | Killed a human
   195 | D        | Reached * piety under Sif Muna
   212 | D        | Found a basalt altar of Yredelemnul.
   212 | D        | Found a shadowy altar of Dithmenos.
   212 | D        | Found a sacrificial altar of Ru.
   236 | D        | Reached skill level 5 in Evocations
   280 | D        | Noticed a shadow
   282 | D        | Killed a shadow
   282 | D        | Reached ** piety under Sif Muna
   283 | D        | Reached skill level 5 in Short Blades
   283 | D        | Reached XP level 8. HP: 42/42 MP: 15/15
   289 | D        | Found a blossoming altar of Fedhas.
   289 | D        | Found a stormy altar of Qazlal.
   289 | D        | Found a snail-covered altar of Cheibriados.
   289 | D        | Found a burning altar of Makhleb.
   289 | D        | Found a shimmering altar of Xom.
   290 | D        | Found a hazy altar of Hepliaklqana.
   290 | D        | Found an opulent altar of Gozag.
   290 | D        | Found a sparkling altar of Nemelex Xobeh.
   290 | D        | Found a corrupted altar of Lugonu.
   290 | D        | Found a viscous altar of Jiyva.
   295 | D        | Reached skill level 5 in Invocations
   334 | D        | Noticed Erica
   345 | D        | Paralysed by Erica for 5 turns
   362 | D        | Learned a level 3 spell: Confusing Touch
   381 | D        | Collided with an unnaturally hard rock wall

Illustrated notes

Levels and vault maps discovered:
D:        dungeon_sprint_mu [sprint_mu_entry_forest, sprint_mu_temple_rooms,
          sprint_mu_d1_horrors, sprint_mu_d2_genie, sprint_mu_d3_branching,
          sprint_mu_orc_legion, sprint_mu_elf_gauntlet, sprint_mu_hive_nellie,
          sprint_mu_lair_fedhas, sprint_mu_vaults_butterflies,
          sprint_mu_slime_circle, sprint_mu_shoals_kraken,
          sprint_mu_snake_twists, sprint_mu_blade_basic,
          sprint_mu_crypt_fortress, sprint_mu_tomb_spiral,
          sprint_mu_vestibule_basic, sprint_mu_gehenna_hellfire,
          sprint_mu_dis_giant, sprint_mu_tartarus_statrot,
          sprint_mu_cocytus_islands, sprint_mu_zot1]

Skill      XL: |  1  2  3  4  5  6  7  8 |
---------------+-------------------------+-----
Dodging        | 4 6 8 9 15 | 15.0
Spellcasting   | 4 |  4.0
Hexes          | 4 5 |  5.0
Stealth        | 6 8 10 11 15 | 15.0
Invocations    | 1 4 5 |  5.2
Evocations     | 1 5 |  5.0
Fighting       | 3 4 |  4.3
Short Blades   | 5 |  5.9

Action                     |  1- 3 |  4- 6 |  7- 9 || total
---------------------------+-------+-------+-------++-------
  Melee: Dagger            |    17 |     3 |    50 ||    70
         Punch             |       |       |     1 ||     1
   Cast: Ensorcelled Hiber |     1 |       |       ||     1
         Confusing Touch   |       |       |     1 ||     1
  Evoke: Wand              |       |       |     2 ||     2
    Use: Potion            |     6 |       |     2 ||     8
         Scroll            |       |       |     3 ||     3
   Stab: Sleeping          |     2 |     3 |     5 ||    10
 Armour: Robe              |     1 |       |     4 ||     5
  Dodge: Dodged            |     7 |       |    25 ||    32

Table legend: (Time is in decaauts)
 A = Elapsed time spent in this place.
 B = Non-inter-level travel time spent in this place.
 C = Inter-level travel time spent in this place.
 D = Time resting spent in this place.
 E = Time spent auto-exploring this place.
 F = Levels seen in this place.
 G = Mean time per level.
                   A        B        C        D        E       F      G
               +--------+--------+--------+--------+--------+-----+--------+
         Total |    331 |    331 |      0 |    111 |      0 |   1 |  331.0 |
       Dungeon |    331 |    331 |      0 |    111 |      0 |   1 |  331.0 |
               +--------+--------+--------+--------+--------+-----+--------+

Top non-repeatable levels by time:
       D: 331 daAuts
